 Dungeon Crawl Stone Soup version 0.31.0-9-g3a7656b989 (webtiles) character file.

Game seed: 7438924870583721775

129 qw the Shooter (level 4, -2/23 HPs)
             Began as a Spriggan Hunter on Feb 2, 2024.
             Was an Initiate of Okawaru.
             Slain by a gnoll bouda
             ... wielding a +0 club
              (5 damage)
             ... on level 4 of the Dungeon.
             The game lasted 00:00:07 (1839 turns).

qw the Shooter (Spriggan Hunter)                    Turns: 1839, Time: 00:00:08

Health: -2/23      AC:  2    Str:  6 (7)  XL:     4   Next: 88%
Magic:  5/5        EV: 20    Int: 10      God:    Okawaru [......]
Gold:   112        SH:  0    Dex: 19 (20) Spells: 3/3 levels left

rFire   . . .        a - +1 shortbow
rCold   . . .        (shield currently unavailable)
rNeg    . . .        c - +0 robe
rPois   .            (helmet restricted)
rElec   .            (no cloak)
rCorr   .            (gloves unavailable)
SInv    +            (boots unavailable)
Will    .....        h - amulet of the acrobat
Stlth   ++           (no ring)
HPRegen 0.23/turn    (no ring)
MPRegen 0.09/turn

%: acrobat
@: very quick
A: very small, no large weapons, unfitting armour, see invisible, speed 3
a: Renounce Religion


You were on level 4 of the Dungeon.
You worshipped Okawaru.
Okawaru was noncommittal.
You visited 1 branch of the dungeon, and saw 4 of its levels.

You collected 112 gold pieces.


Innate Abilities, Weirdness & Mutations

You are very small and have problems with some larger weapons.
You are too small for most types of armour.
You have supernaturally acute eyesight. (SInv)
You cover ground extremely quickly. (Speed+++)


   Skills:
 - Level 2.2 Fighting
 + Level 5.0 Ranged Weapons
 - Level 5.0 Dodging
 - Level 1.5 Stealth


You had 3 spell levels left.
You didn't know any spells.
Your spell library was empty.

Inventory:

Hand Weapons
 a - a +1 shortbow (weapon)
Armour
 c - a +0 robe (worn)
Jewellery
 e - an amulet of guardian spirit
 h - an amulet of the acrobat (around neck)
Potions
 b - a potion of resistance {unknown}
 f - a potion of heal wounds {unknown}
 g - a potion of curing
 i - a potion of might {unknown}

Dungeon Overview and Level Annotations

Branches:
Dungeon (4/15)
 Temple: D:4-7

Altars:
Dithmenos
Kikubaaqudgha
Okawaru
Xom


Message History

You feel your intelligence returning.
Your Fighting skill increases to level 2!
You start resting.
HP restored.
You climb downwards.
The gnoll misses you. The gnoll hits you with a +0 flail!
There is a stone staircase leading up, spattered with blood here.
You shoot an arrow. The arrow barely misses the gnoll.
The gnoll hits you with a +0 flail!
Ouch! That really hurt!
You shoot an arrow. The arrow hits the gnoll.
The gnoll is moderately wounded.
The gnoll misses you.
A gnoll bouda comes into view. It is wielding a +0 club.
You shoot an arrow. The gnoll bouda shouts!
The arrow hits the gnoll.
The gnoll is heavily wounded.
The gnoll misses you.
The gnoll bouda gazes fiercely through you!
You feel your attacks grow feeble.
You hear a shout!
You shoot an arrow. The arrow closely misses the gnoll.
The gnoll misses you.
The gnoll bouda barks out a call to the hunt!
The gnoll picks up the pace!
You shoot an arrow. The arrow hits the gnoll.
The gnoll is severely wounded.
The gnoll misses you.
You shoot an arrow. The arrow hits the gnoll.
The gnoll is severely wounded.
The gnoll misses you.
You shoot an arrow. The arrow hits the gnoll.
The gnoll is almost dead.
The gnoll closely misses you.
You shoot an arrow. The arrow hits the gnoll!
You kill the gnoll!
Okawaru accepts your kill.
Your attacks no longer feel as feeble.
The gnoll bouda hits you with a +0 club.
You die...

.... ...... ...
. .#. .# #..
.... #
...##..#... .#
.......>#. ..#
.........#...##
..............#
......g@......#
.......).....##
..#..........#
##.........#
##........#
##.......#
#####...# #..#


You could see a gnoll bouda.

Vanquished Creatures
  A hound (D:3)
  A gnoll (D:4)
  2 adders (D:2)
  A ribbon worm (D:3)
  3 dart slugs
  4 orcs (D:3)
  9 endoplasms
  4 giant cockroaches
  7 goblins
  2 hobgoblins (D:2)
  4 quokkas
  8 ball pythons
  6 bats
  6 frilled lizards
  7 kobolds
  3 rats
68 creatures vanquished.

Notes
Turn   | Place    | Note
-------+----------+-------------------------------------------
     0 | D:1      | qw the Spriggan Hunter began the quest for the Orb.
     0 | D:1      | Reached XP level 1. HP: 10/10 MP: 2/2
     0 | D:1      | 0 ||| qw: Version: 0.3-a-155-g5e7d8dd
     0 | D:1      | 0 ||| qw: Game counter: 471
     0 | D:1      | 0 ||| qw: Melee chars always use a shield: true
     0 | D:1      | 0 ||| qw: God list: Okawaru
     0 | D:1      | 0 ||| qw: Allow faded altars: false
     0 | D:1      | 0 ||| qw: Do Orc after clearing Dungeon:15 true
     0 | D:1      | 0 ||| qw: Do second Lair branch before Depths: true
     0 | D:1      | 0 ||| qw: Lair rune preference: random
     0 | D:1      | 0 ||| qw: Goals: Normal
     0 | D:1      | 0 ||| PLANNING D:1-11
    51 | D:1      | Reached skill level 3 in Dodging
   119 | D:1      | Reached XP level 2. HP: 14/14 MP: 3/3
   349 | D:1      | 349 ||| READING scroll labelled YMIRGH TOITS.
   373 | D:1      | 373 ||| READING scroll labelled PIRETR ETANN.
   373 | D:1      | 373 ||| ENCHANTING +0 shortbow.
   374 | D:1      | 374 ||| READING scroll labelled LYCALE WADEHU.
   375 | D:1      | 375 ||| READING scroll labelled YPIARU ECAE.
   375 | D:1      | 375 ||| IDENTIFYING ruby potion
   376 | D:1      | 376 ||| DROPPING scroll of butterflies.
   420 | D:2      | Reached XP level 3. HP: 18/18 MP: 4/4
   970 | D:2      | 970 ||| UPGRADING to amulet of guardian spirit.
   975 | D:2      | 975 ||| READING scroll labelled ZOERRI KUONUZ.
  1076 | D:2      | 1076 ||| READING scroll labelled BEUWEIBUMM.
  1101 | D:3      | 1101 ||| STAIRDANCE
  1115 | D:3      | 1115 ||| STAIRDANCE
  1122 | D:3      | 1122 ||| STAIRDANCE
  1128 | D:2      | Reached XP level 4. HP: 21/22 MP: 3/5
  1134 | D:3      | 1134 ||| STAIRDANCE
  1156 | D:3      | Found an iron altar of Okawaru.
  1157 | D:3      | 1157 ||| PLANNING OKAWARU WORSHIP
  1164 | D:3      | Became a worshipper of Warmaster Okawaru
  1165 | D:3      | 1165 ||| PLANNING D:1-11
  1165 | D:3      | 1165 ||| REMOVING amulet of guardian spirit.
  1279 | D:3      | Found an ancient bone altar of Kikubaaqudgha.
  1289 | D:3      | Found a shadowy altar of Dithmenos.
  1340 | D:3      | Found a shimmering altar of Xom.
  1781 | D:3      | 1781 ||| UPGRADING to amulet of the acrobat.
  1786 | D:3      | 1786 ||| READING scroll labelled PIUSCH APEYLON.
  1787 | D:3      | 1787 ||| DRINKING 2 dark potions.
  1788 | D:3      | 1788 ||| DROPPING potion of degeneration.
  1801 | D:4      | 1801 ||| STAIRDANCE
  1832 | D:4      | HP: 2/23 [gnoll/+0 flail[a gnoll bouda] (12)]
  1839 | D:4      | Slain by a gnoll bouda

Levels and vault maps discovered:
D:1:      dpeg_arrival_fog, layout_rooms
D:2:      layout_basic
D:3:      layout_loops_ring, mainiacjoe_overflow_boulevard,
          grunt_dithmenos_smoke, okawaru_metal_pillars_1_2,
          mainiacjoe_overflow_alcove_4, hangedman_decor_push, minmay_distorted
D:4:      layout_cave_pods, minivault_11, uniq_eustachio

Skill      XL: |  1  2  3  4 |
---------------+-------------+-----
Dodging        | 3 4 5 |  5.0
Ranged Weapons | 5 |  5.0
Fighting       | 2 |  2.2
Stealth        | |  1.5

Action                     |  1- 3 |  4- 6 || total
---------------------------+-------+-------++-------
   Fire: Shortbow          |    96 |    56 ||   152
    Use: Scroll            |     6 |     1 ||     7
         Potion            |       |     1 ||     1
 Armour: Robe              |     2 |     7 ||     9
  Dodge: Dodged            |    23 |    20 ||    43

Table legend:
 A = Non-vault XP
 B = Vault XP
 C = Vault XP percentage of total XP
 D = Non-vault monster count
 E = Vault monster count
 F = Vault count percentage of total count
                 A         B        C        D         E       F
            +---------+---------+-------+---------+---------+-------
      Total |     196 |       3 |   1.5 |      66 |       2 |   2.9
            +---------+---------+-------+---------+---------+-------
        D:1 |      22 |       0 |   0.0 |      14 |       0 |   0.0
        D:2 |      79 |       0 |   0.0 |      32 |       0 |   0.0
        D:3 |      81 |       3 |   3.6 |      19 |       2 |   9.5
        D:4 |      14 |       0 |   0.0 |       1 |       0 |   0.0
            +---------+---------+-------+---------+---------+-------
